 Dungeon Crawl Stone Soup version 0.28-a0-1429-gf3d713df7a (webtiles) character file.

Game seed: 3911454553830364223

319 tatocazan the Skirmisher (level 6, -1/49 HPs)
             Began as a Demonspawn Fighter on Jan 8, 2022.
             Slain by a gnoll (8 damage)
             ... on level 4 of the Dungeon.
             The game lasted 00:03:57 (4328 turns).

tatocazan the Skirmisher (Demonspawn Fighter)       Turns: 4328, Time: 00:03:58

Health: -1/49      AC:  9    Str: 24    XL:     6   Next: 21%
Magic:  6/6        EV:  9    Int: 10    God:
Gold:   173        SH:  5    Dex: 14    Spells: 5/5 levels left

rFire   . . .      SeeInvis .   a - +0 war axe
rCold   . . .      Faith    .   c - +0 buckler
rNeg    . . .      Spirit   .   b - +0 scale mail
rPois   .          Reflect  .   q - +0 helmet
rElec   .          Harm     .   g - scarf {shadows}
rCorr   .          Rampage  .   p - +0 pair of gloves
Will    .....                   (no boots)
Stlth   +.........              (no amulet)
HPRegen 0.16/turn               h - +6 ring of strength
MPRegen 0.10/turn               (no ring)

@: brilliant, attractive, hasted, very quick
A: thin skeletal structure 1, demonic guardian 1, demonic touch 1
a: no special abilities


You were on level 4 of the Dungeon.
You visited 1 branch of the dungeon, and saw 4 of its levels.

You collected 173 gold pieces.

Inventory:

Hand Weapons
 a - a +0 war axe (weapon)
 j - a +0 short sword of venom
Missiles
 s - a throwing net (quivered)
Armour
 b - a +0 scale mail (worn)
 c - a +0 buckler (worn)
 g - a scarf of shadows (worn)
 p - a +0 pair of gloves (worn)
 q - a +0 helmet (worn)
Jewellery
 h - a +6 ring of strength (left hand)
Wands
 o - a wand of iceblast (8)
Scrolls
 i - a scroll of vulnerability {unknown}
 n - 3 scrolls of teleportation {unknown}
 r - a scroll of noise {unknown}
Potions
 d - a potion of might
 f - a potion of heal wounds {unknown}
 k - a potion of attraction
 l - a potion of curing


   Skills:
 + Level 4.3 Fighting
 + Level 3.3 Axes
 + Level 3.9 Armour
 + Level 3.9 Shields


You had 5 spell levels left.
You didn't know any spells.
Your spell library was empty.

Dungeon Overview and Level Annotations

Branches:
Dungeon (4/15)
 Temple: D:4-7

Altars:


Innate Abilities, Weirdness & Mutations

You have a somewhat thin skeletal structure. (Dex +2, Stealth+)
A weak demonic guardian rushes to your aid.
Your touch may inflict minor irresistible damage on your foes.


Message History

You hear a shout!
The quokka closely misses you. The scorpion barely misses you.
The gnoll shaman hits you with a +0 whip.
* * * LOW HITPOINT WARNING * * *
The quokka barely misses you. You block the scorpion's attack.
You take 1 damage, and have 10/42 hp.
You hit the scorpion.
The scorpion is heavily wounded.
You hit the gnoll shaman. You slash the quokka!
You kill the quokka!
The gnoll shaman barely misses you. The scorpion stings you.
* * * LOW HITPOINT WARNING * * *
The gnoll shaman misses you.
You take 5 damage, and have 5/42 hp.
It was a potion of haste.
You feel yourself speed up.
The scorpion stings you but does no damage.
You block the scorpion's attack.
The gnoll shaman hits you but does no damage.
It was a potion of brilliance.
You feel clever all of a sudden. The scorpion closely misses you.
You hit the scorpion.
The scorpion is heavily wounded.
You slash the gnoll shaman! You block the gnoll shaman's attack.
The scorpion misses you. The gnoll is attracted toward you.
You slash the scorpion!
You kill the scorpion!
You slash the gnoll shaman!
You kill the gnoll shaman!
The gnoll is attracted toward you.
You have reached level 6!
Your demonic ancestry asserts itself...
You feel the presence of a demonic guardian.
MP restored: 6 Save game and exit?
Okay, then.
You slash the gnoll!
The gnoll is heavily wounded.
The gnoll hits you with a +0 club!
You die...

#####..##..........#.#.####.####.
..........##.#..##.#.#.##......<.
.####........#...§...#.##.#.###..
.......#####.#.#.#.###.##.#.# #..
....#..# #.#...#.# #......# ##.
..#.#..# #.#†..#.# ####.### #.
.......# #..†.§..# ..W.. ##
#.#.#.## ###..g### #.##.#.#
#.#.#<# #.)@# # #..... #
#.#.###### #..†# ... ...
#................ #...##.
#..)..............
##.)...............
#.#########...###. #.# #.#.# .#
#.# #.#


You could see a gnoll.

Vanquished Creatures
  A phantom (D:4)
  A scorpion (D:4)
  An iguana (D:3)
  A gnoll shaman (D:4)
  An orc wizard (D:3)
  2 gnolls
  2 adders
  4 worms
  3 orcs (D:3)
  6 endoplasms
  2 giant cockroaches
  3 goblins
  6 hobgoblins
  3 jackals (D:4)
  5 kobolds
  3 quokkas
  6 ball pythons
  5 bats
  2 frilled lizards (D:1)
  3 rats
60 creatures vanquished.

Vanquished Creatures (others)
  A plant (D:3)
1 creature vanquished.

Grand Total: 61 creatures vanquished

Notes
Turn   | Place    | Note
-------+----------+-------------------------------------------
     0 | D:1      | tatocazan the Demonspawn Fighter began the quest for the
                  | Orb.
     0 | D:1      | Reached XP level 1. HP: 18/18 MP: 1/1
   650 | D:1      | Gained mutation: You have a somewhat thin skeletal
                  | structure. (Dex +2, Stealth+) [demonic ancestry]
   650 | D:1      | Reached XP level 2. HP: 18/24 MP: 2/2
  1615 | D:2      | Found a faded altar of an unknown god.
  1851 | D:2      | Reached XP level 3. HP: 26/29 MP: 3/3
  2382 | D:3      | Gained mutation: Your touch may inflict minor irresistible
                  | damage on your foes. [demonic ancestry]
  2382 | D:3      | Reached XP level 4. HP: 32/36 MP: 4/4
  4080 | D:4      | Reached XP level 5. HP: 32/42 MP: 5/5
  4147 | D:4      | Noticed a phantom
  4290 | D:4      | Killed a phantom
  4291 | D:4      | Reached skill level 4 in Fighting
  4328 | D:4      | Gained mutation: A weak demonic guardian rushes to your
                  | aid. [demonic ancestry]
  4328 | D:4      | Reached XP level 6. HP: 7/49 MP: 6/6
  4328 | D:4      | Slain by a gnoll

Illustrated notes

Levels and vault maps discovered:
D:1:      psy_arrival_whirlpool, layout_basic, minmay_cut_off
D:2:      layout_loops_ring, basic_ecumenical_altar, minivault_27
D:3:      cheibrodos_old_hovel, layout_rooms, minmay_misc_feat_plants,
          nrook_campfire
D:4:      layout_loops_cross, uniq_robin

Skill      XL: |  1  2  3  4  5 |
---------------+----------------+-----
Axes           | 2 3 |  3.3
Shields        | 3 |  3.9
Armour         | 3 |  3.9
Fighting       | 4 |  4.3

Action                   |  1- 3 |  4- 6 || total
-------------------------+-------+-------++-------
Melee: War axe           |   101 |    92 ||   193
  Use: Potion            |       |     5 ||     5
 Stab: Sleeping          |       |     1 ||     1
Armor: Scale mail        |    57 |    55 ||   112
Dodge: Dodged            |    39 |    53 ||    92
Block: Buckler           |    24 |    37 ||    61

Table legend: (Time is in decaauts)
 A = Elapsed time spent in this place.
 B = Non-inter-level travel time spent in this place.
 C = Inter-level travel time spent in this place.
 D = Time resting spent in this place.
 E = Time spent auto-exploring this place.
 F = Levels seen in this place.
 G = Mean time per level.
                   A        B        C        D        E       F      G
               +--------+--------+--------+--------+--------+-----+--------+
         Total |   4414 |   4252 |    162 |   1611 |   2072 |   4 | 1103.5 |
       Dungeon |   4414 |   4252 |    162 |   1611 |   2072 |   4 | 1103.5 |
               +--------+--------+--------+--------+--------+-----+--------+

Top non-repeatable levels by time:
     D:3: 1711 daAuts
     D:1: 1441 daAuts
     D:2: 867 daAuts
     D:4: 393 daAuts
